 Dungeon Crawl Stone Soup version 0.29.1-1-gd02db6906a (webtiles) character file.

Game seed: 4778857816151100138

6718 Zeld the Cleaver (level 10, -4/136 HPs)
             Began as a Minotaur Fighter on Oct 16, 2022.
             Was a Follower of Trog.
             Slain by a troll (7 damage)
             ... on level 10 of the Dungeon.
             The game lasted 00:08:34 (11661 turns).

Zeld the Cleaver (Minotaur Fighter)                Turns: 11661, Time: 00:08:35

Health: -4/136     AC: 15    Str: 34    XL:     10   Next: 74%
Magic:  9/9        EV:  8    Int:  5    God:    Trog [*.....]
Gold:   182        SH:  6    Dex:  9    Spells: 9/9 levels left

rFire   . . .      SeeInvis .   n - +5 whip "Onuen" {vorpal, *Slow Str+8}
rCold   . . .      Faith    .   g - +0 buckler
rNeg    . . .      Spirit   .   b - +0 plate armour
rPois   .          Reflect  .   (helmet restricted)
rElec   .          Harm     .   (no cloak)
rCorr   +          Rampage  .   q - +0 pair of gloves
Will    ++...                   (no boots)
Stlth   ..........              (no amulet)
HPRegen 1.32/turn               t - ring of resist corrosion
MPRegen 0.11/turn               (no ring)

@: berserking, strong-willed, regenerating, slowed
A: horns 2, retaliatory headbutt
a: Renounce Religion, Berserk


You were on level 10 of the Dungeon.
You worshipped Trog.
Trog was aware of your devotion.
You visited 2 branches of the dungeon, and saw 11 of its levels.

You collected 585 gold pieces.
You spent 403 gold pieces at shops.

Inventory:

Hand Weapons
 a - a +1 war axe of freezing
 n - the +5 whip "Onuen" (weapon) {vorpal, *Slow Str+8}
   (You found it on level 7 of the Dungeon)

   It inflicts extra damage upon your enemies.
   Str:       It affects your strength (+8).
   *Slow:     It may slow you when you take damage.
Armour
 b - a +0 plate armour (worn)
 g - a +0 buckler (worn)
 q - a +0 pair of gloves (worn)
Jewellery
 t - a ring of resist corrosion (left hand)
Wands
 d - a wand of flame (12)
Scrolls
 e - 7 scrolls of identify
 j - 3 scrolls of poison
 k - 5 scrolls of teleportation
 p - 3 scrolls of fear
 s - 2 scrolls of summoning
 v - a scroll of acquirement {unknown}
 C - a scroll of enchant armour
Potions
 c - 2 potions of ambrosia {unknown}
 f - 2 potions of heal wounds {unknown}
 h - 2 potions of attraction {unknown}
 i - 2 potions of degeneration {unknown}
 l - 3 potions of haste {unknown}
 m - a potion of invisibility {unknown}
 o - 4 potions of brilliance {unknown}
 r - 6 potions of curing
 u - a potion of flight {unknown}
 w - 2 potions of mutation {unknown}
 z - a potion of berserk rage {unknown}
 A - a potion of magic {unknown}


   Skills:
 + Level 9.6 Fighting
 * Level 12.6 Axes
 + Level 9.5 Armour
 + Level 9.6 Shields


You had 9 spell levels left.
You didn't know any spells.
Your spell library was empty.

Dungeon Overview and Level Annotations

Branches:
Dungeon (10/15)            Temple (1/1) D:7
   Lair: D:8-11         Orc: D:9-12

Altars:
Ashenzari
Cheibriados
Dithmenos
Elyvilon
Fedhas
Gozag
Hepliaklqana
Kikubaaqudgha
Makhleb
Nemelex Xobeh
Okawaru
Qazlal
Ru
Sif Muna
Trog
Uskayaw
Vehumet
Xom
Yredelemnul
Zin
The Shining One
Lugonu

Shops:
D:1 ?(*   D:4 :   D:5 =   D:6 [


Innate Abilities, Weirdness & Mutations

You have a pair of horns on your head.
You reflexively headbutt those who attack you in melee.


Message History

The troll is lightly wounded.
The troll bites you. The troll claws you but does no damage.
You block the troll's attack.
You barely miss the troll.
The troll is lightly wounded.
The troll bites you!
You block the troll's attack. x2; The troll bites you.
The troll closely misses you. The troll barely misses you.
You whack the troll!
The troll is moderately wounded.
A water moccasin comes into view.
You block the troll's attack. The troll barely misses you. The troll claws you.
You hit the troll. You headbutt the troll!
The troll is heavily wounded.
The troll closely misses you. You furiously retaliate!
You headbutt the troll. The troll claws you. x2
You barely miss the troll.
The troll is heavily wounded.
The troll bites you!
* * * LOW HITPOINT WARNING * * *
The troll claws you.
* * * LOW HITPOINT WARNING * * *
The troll claws you!
* * * LOW HITPOINT WARNING * * *
Your skin crawls.
You feel strong-willed.
You can no longer call upon Trog for regeneration and willpower.
The troll bites you.
* * * LOW HITPOINT WARNING * * *
You block the troll's attack. x2
Unknown command.
A red film seems to cover your vision as you go berserk!
You feel yourself moving faster!
You feel mighty! The troll barely misses you.
The troll claws you but does no damage. You block the troll's attack. x2
The troll claws you but does no damage. The troll claws you!
* * * LOW HITPOINT WARNING * * *
You barely miss the troll.
The troll is heavily wounded.
The sentinel's mark upon you fades away.
The troll bites you!
You die...

##########################
..........................
.........#..##...###..#...
.........................
#+#..ST.################
#...#@'....##.........
#...#.#.#####.........
#...#.#.# #########'
########.....#.# #....
.............+.# #....
..####...####.#.# #....
..............### #####
.......######'######
....... #.......#


You could see a troll and a water moccasin.

Vanquished Creatures
  A two-headed ogre (D:9)
  Erica (D:10)
  The ghost of lonewolfV2 the Cleaver, a novice MiBe of Trog (D:6)
  2 kobold demonologists (D:9)
  A troll (D:9)
  A vampire (D:9)
  4 wyverns
  2 steam dragons (D:8)
  An acid dragon (D:9)
  A water moccasin (D:5)
  2 orc warriors
  4 sky beasts
  A black bear (D:5)
  An ogre (D:6)
  4 centaurs
  2 phantoms
  3 kobold brigands
  2 necrophages
  2 scorpions
  2 bullfrogs
  4 wights (D:9)
  4 howler monkeys
  A centaur zombie (D:6)
  A hound (D:4)
  A jelly (D:8)
  A bullfrog zombie (D:6)
  6 orc priests
  4 iguanas (D:5)
  An iron imp (D:8)
  12 orc wizards
  13 adders
  3 shadow imps
  An ufetubus (D:5)
  3 worms
  2 dart slugs
  36 orcs
  6 ball pythons
  10 endoplasms
  10 goblins
  6 hobgoblins
  11 jackals
  13 kobolds
  3 quokkas
  4 bats
  4 frilled lizards
  7 rats
205 creatures vanquished.

Vanquished Creatures (others)
  33 fungi (D:10)
  25 plants (D:10)
58 creatures vanquished.

Grand Total: 263 creatures vanquished

Notes
Turn   | Place    | Note
-------+----------+-------------------------------------------
     0 | D:1      | Zeld the Minotaur Fighter began the quest for the Orb.
     0 | D:1      | Reached XP level 1. HP: 19/19 MP: 0/0
   162 | D:1      | Reached XP level 2. HP: 19/27 MP: 1/1
   261 | D:1      | Found Mom Enlopla's Magic Scroll Shop.
   336 | D:2      | Reached skill level 3 in Axes
   476 | D:2      | Reached XP level 3. HP: 33/33 MP: 2/2
   811 | D:4      | Reached skill level 4 in Axes
   811 | D:4      | Reached XP level 4. HP: 32/40 MP: 3/3
  1178 | D:4      | Reached XP level 5. HP: 42/47 MP: 4/4
  1421 | D:4      | Reached skill level 5 in Axes
  1422 | D:4      | Found Ysaec's Self-Improvement Boutique.
  1587 | D:5      | Entered Level 5 of the Dungeon
  1603 | D:5      | Reached XP level 6. HP: 50/55 MP: 5/5
  1854 | D:4      | Reached skill level 5 in Fighting
  1854 | D:4      | Reached skill level 5 in Armour
  1854 | D:4      | Reached skill level 5 in Shields
  2021 | D:5      | Reached skill level 6 in Axes
  2291 | D:5      | Found Yplamiys's Jewellery Boutique.
  2390 | D:5      | Reached XP level 7. HP: 59/61 MP: 6/6
  3038 | D:5      | Reached skill level 7 in Axes
  3220 | D:5      | Found a shimmering blue altar of Sif Muna.
  3479 | D:6      | Found Ipnyloyj's Antique Armour Shoppe.
  3599 | D:6      | Reached XP level 8. HP: 51/70 MP: 7/7
  4218 | D:6      | Found a shadowy altar of Dithmenos.
  4257 | D:6      | Reached skill level 8 in Axes
  4537 | D:6      | Found a runed translucent gate.
  4537 | D:6      | Found a runed translucent gate.
  4537 | D:6      | Found a runed translucent gate.
  4537 | D:6      | Noticed lonewolfV2's ghost (novice MiBe)
  4539 | D:6      | Found a basalt altar of Yredelemnul.
  5029 | D:7      | Identified the +5 whip "Onuen" {vorpal, *Slow Str+8}
  5374 | D:7      | Reached skill level 9 in Axes
  5426 | D:7      | Found a staircase to the Ecumenical Temple.
  5526 | D:7      | Reached XP level 9. HP: 66/79 MP: 8/8
  5555 | Temple   | Entered the Ecumenical Temple
  5607 | Temple   | Became a worshipper of Trog the Wrathful
  5836 | D:1      | Found Udakits's Assorted Antiques.
  5851 | D:1      | Bought a scroll labelled LENTAU UVYENK for 18 gold pieces
  5851 | D:1      | Bought a viscous brown potion for 16 gold pieces
  5851 | D:1      | Bought a metallic golden potion for 16 gold pieces
  5851 | D:1      | Bought a scroll labelled JOMNIBB URRO for 18 gold pieces
  5851 | D:1      | Bought a coppery potion for 16 gold pieces
  5851 | D:1      | Bought a scroll labelled BIGHUX JONATE for 18 gold pieces
  5856 | D:1      | Found Ongosi's Weapon Emporium.
  6191 | D:1      | Bought a scroll of identify for 28 gold pieces
  6191 | D:1      | Bought a scroll of identify for 28 gold pieces
  6191 | D:1      | Bought a scroll of fog for 56 gold pieces
  6191 | D:1      | Bought a scroll of identify for 28 gold pieces
  6191 | D:1      | Bought a scroll of identify for 28 gold pieces
  6191 | D:1      | Bought a scroll of identify for 28 gold pieces
  6273 | D:2      | Found a white marble altar of Elyvilon.
  6646 | D:3      | Found a white marble altar of Elyvilon.
  6647 | D:3      | Found a glowing silver altar of Zin.
  6648 | D:3      | Found a blossoming altar of Fedhas.
  6649 | D:3      | Found an iron altar of Okawaru.
  6649 | D:3      | Found a burning altar of Makhleb.
  6805 | D:3      | Reached * piety under Trog
  7138 | D:3      | Found an opulent altar of Gozag.
  7145 | D:3      | Found a sacrificial altar of Ru.
  7526 | D:6      | Killed lonewolfV2's ghost
  7671 | D:1      | Bought a scroll of blinking for 105 gold pieces
  8172 | D:7      | Found a hazy altar of Hepliaklqana.
  8483 | D:8      | Reached skill level 10 in Axes
  8844 | D:8      | Found a radiant altar of Vehumet.
  9212 | D:8      | Found a stormy altar of Qazlal.
  9319 | D:8      | Reached skill level 11 in Axes
  9435 | D:8      | You fall into a shaft and drop 1 floor!
  9579 | D:9      | Reached XP level 10. HP: 87/90 MP: 9/9
  9869 | D:9      | Noticed an orange demon
  9884 | D:9      | HP: 6/135 [poisoned by a kobold demonologist]
  9886 | D:9      | HP: 2/90 [poisoned by a kobold demonologist]
 10283 | D:8      | Found a snail-covered altar of Cheibriados.
 10382 | D:9      | Noticed a two-headed ogre
 10386 | D:9      | Noticed a rust devil
 10408 | D:9      | Killed a two-headed ogre
 10424 | D:9      | Reached skill level 12 in Axes
 10635 | D:9      | Reached ** piety under Trog
 11482 | D:10     | Entered Level 10 of the Dungeon
 11634 | D:10     | Noticed Erica
 11653 | D:10     | Killed Erica
 11660 | D:10     | HP: 2/136 [troll (10)]
 11661 | D:10     | Slain by a troll

Illustrated notes

Levels and vault maps discovered:
D:1:      dpeg_arrival_boxes_within_box, layout_rooms, serial_shops, shop, shop,
          nicolae_shop_behind_doors
D:2:      layout_rooms, basic_altar
D:3:      layout_basic, minitemple, grunt_temple_overflow_open,
          chequers_serial_rivers_marsh
D:4:      layout_loops_ring, nicolae_shop_self_help
D:5:      layout_basic, led_sif_pool, serial_shops, nicolae_shop_hallway_stairs
D:6:      layout_cave_pods, nicolae_yredelemnul_ghost_church,
          nicolae_dithmenos_shadow_blocks, serial_shops, shop,
          nicolae_elevator_lobby_plus
D:7:      layout_loops_corners, lemuel_coloured_pillars_altar, temple_fountains
D:8:      layout_cave_pods, nicolae_qazlal_general_emergency, slow_altar_2,
          nicolae_overflow_hidden_temple, kennysheep_donut, hex_tiny
D:9:      layout_loops_ring
D:10:     layout_stronghold, pdpol_wu_jian_five_deadly_venoms,
          due_lair_maze_entry_diamond, ebering_ghost_inner_flame, uniq_erica,
          uniq_snorg
Temple:   corrupted_temple

Skill      XL: |  1  2  3  4  5  6  7  8  9 10 |
---------------+-------------------------------+-----
Axes           | 3 4 5 6 7 9 11 12 | 12.6
Fighting       | 4 5 6 7 8 9 |  9.6
Armour         | 4 5 6 7 8 9 |  9.5
Shields        | 4 5 6 7 8 9 |  9.6

Action                   |  1- 3 |  4- 6 |  7- 9 | 10-12 || total
-------------------------+-------+-------+-------+-------++-------
Melee: War axe           |    65 |    93 |   100 |       ||   258
       Headbutt          |    16 |    16 |    49 |    18 ||    99
       Whip              |       |       |   191 |   109 ||   300
Invok: Berserk           |       |       |     2 |     4 ||     6
       Trog's Hand       |       |       |       |     1 ||     1
  Use: Potion            |       |       |     1 |     1 ||     2
       Scroll            |       |       |    11 |     1 ||    12
Armor: Scale mail        |    18 |       |       |       ||    18
       Plate armour      |    15 |    72 |   191 |    52 ||   330
Dodge: Dodged            |    21 |    23 |   107 |    33 ||   184
Block: Buckler           |    15 |    16 |    75 |    49 ||   155
